 Dungeon Crawl Stone Soup version 0.30-a0-241-g1121274140 (webtiles) character file.

Game seed: 18157175457549533228

11980 greasedhog the Basher (level 11, -10/106 HPs)
             Began as a Gargoyle Chaos Knight on Oct 10, 2022.
             Was a Plaything of Xom.
             Mangled by a phantasmal warrior (15 damage)
             ... led by a death knight
             ... on level 13 of the Dungeon.
             The game lasted 00:24:03 (13768 turns).

greasedhog the Basher (Gargoyle Chaos Knight)      Turns: 13768, Time: 00:24:03

Health: -10/106    AC: 25    Str: 19    XL:     11   Next: 86%
Magic:  11/11      EV:  2    Int: 12    God:    Xom [..*...]
Gold:   222        SH:  5    Dex:  7    Spells: 10/10 levels left

rFire   . . .      SeeInvis .    r - +2 flail (drain)
rCold   . . .      Faith    .    v - +0 buckler
rNeg    + . .      Spirit   .    (body armour currently unavailable)
rPois   ∞          Reflect  .    (helmet currently unavailable)
rElec   .          Harm     .    (cloak currently unavailable)
rCorr   .          Rampage  .    (gloves currently unavailable)
Will    .....      Clarity  +    (boots currently unavailable)
Stlth   +......... NoTele   +    b - amulet of regeneration
HPRegen 1.17/turn                (no ring)
MPRegen 0.12/turn                (no ring)

@: mighty, tree-form, weak-willed, hasted, very quick
A: stationary, stasis, torment immunity, boosted hp, sickness immunity, AC +8,
negative energy resistance 1, (electricity resistance), torment resistance 1,
petrification resistance, (iridescent scales 1), clarity, clumsy 1, screaming 2,
weak 1, MP-powered wands
a: Renounce Religion


You were on level 13 of the Dungeon.
You worshipped Xom.
You were a toy of Xom.
You were a tree.
You visited 1 branch of the dungeon, and saw 12 of its levels.
You also visited: Sewer.

You collected 606 gold pieces.
You spent 384 gold pieces at shops.

Inventory:

Hand Weapons
 a - a +2 whip of chaos
 r - a +2 flail of draining (weapon)
Armour
 j - a +0 troll leather armour (melded)
 v - a +0 buckler (worn)
 D - the +0 pair of boots of the Camelopard (melded) {Will+}
   (You found it on level 7 of the Dungeon)

   Will:      It increases your willpower.
 E - a scarf of repulsion (melded)
Jewellery
 b - an amulet of regeneration (around neck)
 e - a ring of ice
Wands
 A - a wand of roots (2)
 B - a wand of flame (17)
Scrolls
 f - a scroll of blinking
 h - 4 scrolls of immolation
 i - a scroll of amnesia {unknown}
 m - a scroll of vulnerability
 n - 4 scrolls of enchant weapon
 s - 2 scrolls of enchant armour
 u - 2 scrolls of teleportation
 y - 2 scrolls of poison
 C - a scroll of silence
Potions
 k - 4 potions of flight
 l - a potion of brilliance
 p - a potion of lignification
 q - a potion of degeneration
 z - 2 potions of attraction
Miscellaneous
 c - a piece from Xom's chessboard (5/15) (quivered)
 w - a condenser vane (inert)


   Skills:
 * Level 9.5 Fighting
 * Level 10.8 Maces & Flails
 * Level 6.1 Armour
 - Level 5.2 Dodging
 - Level 9.0 Shields
 - Level 5.8 Evocations


You had 10 spell levels left.
You didn't know any spells.
Your spell library contained the following spells:

 Spells                   Type           Power      Damage    Failure   Level
 Beastly Appendage        Tmut           0%         N/A       38%         1
 Freeze                   Ice            0%         1d3       38%         1
 Sting                    Tmut/Pois      0%         1d3       38%         1
 Blink                    Tloc           0%         N/A       52%         2
 Momentum Strike          Conj/Tloc      0%         3d8       52%         2
 Poisonous Vapours        Pois/Air       0%         N/A       52%         2
 Wereblood                Tmut           0%         N/A       52%         2
 Frozen Ramparts          Ice            0%         1d1       77%         3
 Gell's Gravitas          Tloc           0%         N/A       77%         3
 Hailstorm                Conj/Ice       0%         3d3       77%         3
 Lesser Beckoning         Tloc           0%         N/A       77%         3
 Mephitic Cloud           Conj/Pois/Air  0%         N/A       77%         3
 Spider Form              Tmut/Pois      0%         N/A       77%         3
 Teleport Other           Tloc           0%         N/A       77%         3
 Olgreb's Toxic Radiance  Pois           0%         N/A       99%         4
 Summon Forest            Summ/Tloc      0%         N/A       100%        5
 Dispersal                Tloc           0%         N/A       100%        6
 Eringya's Noxious Bog    Tmut/Pois      0%         N/A       100%        6
 Summon Hydra             Summ           0%         N/A       100%        7
 Cigotuvi's Dreadful Rot  Necr/Pois/Air  Unusable   N/A       N/A         2

Dungeon Overview and Level Annotations

Branches:
Dungeon (11/15)            Temple (0/1) D:5           Sewer (visited)
   Lair: D:8-11         Orc: D:9-12

Altars:
Elyvilon
Hepliaklqana
Kikubaaqudgha
Qazlal
Ru
Vehumet
Xom
Yredelemnul

Shops:
D:1 =   D:3 *   D:10 *


Innate Abilities, Weirdness & Mutations

You are a tree.
Your roots penetrate the ground, keeping you stationary.
You cannot be teleported.
You are immune to unholy pain and torment.
Your maximum health is greatly increased.
Your equipment is partially melded.
You are immune to sickness and miasma.
((Your stone body is resilient. (AC +8)))
You are immune to poison.
You resist negative energy. (rN+)
((You are resistant to electric shocks. (rElec)))
You are resistant to unholy torment.
You are immune to petrification.
((You are partially covered in iridescent scales. (AC +2)))
You possess an exceptional clarity of mind.
You are clumsy. (Dex -2)
You frequently scream uncontrollably at your foes.
You are weak. (Str -2)
You expend magic power (3 MP) to strengthen your wands.


Message History

* * * LOW HITPOINT WARNING * * *
You sock the wraith!
The wraith is heavily damaged.
Aiming: Fastroot
Press: ? - help, Shift-Dir - straight line, f - you
Okay, then.
You make a move on Xom's chessboard...
The wraith easily resists.
You make a move on Xom's chessboard...
The wraith easily resists.
You make a move on Xom's chessboard...
The wraith seems to grow stronger.
You make a move on Xom's chessboard...
The wraith easily resists.
You bludgeon the wraith!!
The wraith is heavily damaged.
The wraith hits you but does no damage. Something hits you but does no damage.
You hit the wraith but do no damage.
The wraith is heavily damaged.
You cannot move.
You cannot move.
You thump something! The wraith hits you but does no damage.
Something hits you.
* * * LOW HITPOINT WARNING * * *
You sock the wraith!
You destroy the wraith!
Something hits you but does no damage.
Your piece from Xom's chessboard (5/15) has regained one charge.
Your Armour skill increases to level 6!
You sock the wraith!
The wraith is almost destroyed.
You hit the wraith.
The wraith is almost destroyed.
Something hits you.
* * * LOW HITPOINT WARNING * * *
The wraith hits you!
* * * LOW HITPOINT WARNING * * *
You thump the wraith!
You destroy the wraith!
Something hits you but does no damage.
You miss something. You hit something but do no damage. Something hits you!
You die...
Xom chuckles heartily!

,,,,* #..,,,* **** **+**
*..,,,* *,, ,,,* *,..,,* *,,
,*** **#.,** *,, ** ##§####
*## **** #..○.§# #. ,,,*
#.?°.☼### #. >,,***
#..☼○.){## ####### #.
,,,+,*** #..[..#♣.#
#.....### #.
,,,*,,,**#.....##.##
#.......###.
,,,***,,,#.....##..#
#.....#..##. ,,,*
***,+.....###.###.....##..'.
,,,* **#.....#
#...#.....#####. ,,,*
#.....# ###.#.....# #. ,,,*
#.....# #.......# #. ,,,*
*,,,,,* ###.....# #. ,,,*
****+** #.....# ##


There were no monsters in sight!

Vanquished Creatures
  Fannar (D:9)
  A death knight (D:13)
  A two-headed ogre (D:10)
  A boulder beetle (D:11)
  Pikel (D:4)
  A komodo dragon (D:10)
  A troll (D:10)
  11 yaks
  A shadow (D:10)
  3 wraiths
  2 steam dragons (D:7)
  Edmund (D:4)
  3 acid dragons
  2 water moccasins
  4 orc warriors
  A black bear (D:6)
  An ice beast (D:7)
  3 sky beasts (D:7)
  2 ogres (D:4)
  7 centaurs
  A lemure (D:4)
  A phantom (D:5)
  Blork the orc (D:6)
  2 kobold brigands
  3 bullfrogs
  2 scorpions
  26 wights
  8 howler monkeys
  2 gnoll boudas
  A hound (D:3)
  3 jellies
  3 orc priests
  3 iguanas
  2 orc wizards
  6 adders
  13 gnolls
  3 river rats (Sewer)
  A shadow imp (D:7)
  3 white imps
  A worm (D:6)
  5 dart slugs
  19 orcs
  3 bats
  6 endoplasms
  3 giant cockroaches
  6 goblins
  3 hobgoblins
  A jackal (Sewer)
  14 kobolds
  6 quokkas
  6 ball pythons
  2 frilled lizards (D:2)
  9 rats
216 creatures vanquished.

Vanquished Creatures (collateral kills)
  A troll (D:10)
  3 yaks
  Duvessa (D:6)
  An ogre (D:4)
  A necrophage (D:4)
  A wight (D:9)
  Dowan (D:6)
  An iguana (D:6)
  A goblin (D:4)
  A hobgoblin (D:4)
12 creatures vanquished.

Vanquished Creatures (others)
  A yak (D:9)
  A steam dragon (D:6)
2 creatures vanquished.

Grand Total: 230 creatures vanquished

Notes
Turn   | Place    | Note
-------+----------+-------------------------------------------
     0 | D:1      | greasedhog the Gargoyle Chaos Knight began the quest for
                  | the Orb.
     0 | D:1      | Reached XP level 1. HP: 14/14 MP: 1/1
   153 | D:1      | Reached XP level 2. HP: 15/19 MP: 2/2
   319 | D:1      | XOM: silly message
   403 | D:1      | Found Kuolav's Jewellery Shop.
   509 | D:1      | Reached XP level 3. HP: 24/24 MP: 3/3
   722 | D:1      | XOM: silly message
  1944 | D:3      | Reached XP level 4. HP: 27/29 MP: 4/4
  2025 | D:3      | Reached skill level 4 in Maces & Flails
  2025 | D:3      | Reached XP level 5. HP: 20/34 MP: 5/5
  2434 | D:3      | Found Beanoefy's Assorted Antiques.
  2439 | D:3      | Bought a scroll labelled CENGATWI AQUNK for 28 gold pieces
  2439 | D:3      | Bought a scroll of identify for 56 gold pieces
  2623 | D:4      | Noticed an ogre
  2624 | D:4      | Killed an ogre
  2625 | D:4      | Reached skill level 5 in Fighting
  2625 | D:4      | Reached XP level 6. HP: 40/40 MP: 6/6
  2665 | D:4      | Noticed Edmund
  2666 | D:4      | XOM: swap monsters
  2671 | D:4      | XOM: confusion
  2678 | D:4      | XOM: confuse monster(s)
  2686 | D:4      | XOM: divination: detect items
  2693 | D:4      | Killed Edmund
  2694 | D:4      | Reached skill level 1 in Dodging
  2779 | D:4      | XOM: divination: detect creatures
  2787 | D:4      | Reached skill level 5 in Maces & Flails
  2787 | D:4      | Reached skill level 5 in Armour
  2787 | D:4      | Reached XP level 7. HP: 44/44 MP: 7/7
  2915 | D:4      | XOM: 1-stop teleportation journey
  2995 | D:4      | Found a stormy altar of Qazlal.
  3172 | D:4      | Noticed Pikel
  3189 | D:4      | XOM: potion effect (might)
  3190 | D:4      | Killed Pikel
  3191 | D:4      | Reached skill level 6 in Maces & Flails
  3191 | D:4      | Reached XP level 8. HP: 46/49 MP: 8/8
  3353 | D:4      | Reached skill level 1 in Shields
  3436 | D:4      | XOM: 2-stop teleportation journey
  3642 | D:4      | XOM: enchant monster (good)
  4040 | D:5      | Entered Level 5 of the Dungeon
  4040 | D:5      | Found a staircase to the Ecumenical Temple.
  4285 | D:5      | XOM: give mutations
  4285 | D:5      | Gained mutation: You are clumsy. (Dex -2) [Xom's mischief]
  4285 | D:5      | Gained mutation: You are very clumsy. (Dex -4) [Xom's
                  | mischief]
  4741 | D:5      | XOM: scenery: create altars
  4912 | D:5      | Reached XP level 9. HP: 12/54 MP: 9/9
  5080 | D:4      | XOM: polymorph scorpion -> shapeshifter
  5080 | D:4      | a shapeshifter changed into an entropy weaver
  5080 | D:4      | Noticed an entropy weaver (shapeshifter)
  5144 | D:5      | XOM: give mutations
  5144 | D:5      | Gained mutation: You occasionally shout uncontrollably at
                  | your foes. [Xom's mischief]
  5144 | D:5      | Gained mutation: You occasionally lose the ability to read
                  | scrolls when taking damage. [Xom's mischief]
  5144 | D:5      | Lost mutation: You occasionally shout uncontrollably at
                  | your foes. [Xom's mischief]
  5151 | D:5      | XOM: enchant monster (bad)
  5170 | D:5      | XOM: confuse monster(s)
  5184 | D:5      | Reached skill level 7 in Maces & Flails
  5488 | D:6      | Found a radiant altar of Vehumet.
  5502 | D:6      | Noticed Duvessa
  5504 | D:6      | XOM: summons friendly ufetubus
  5504 | D:6      | Noticed Dowan
  5509 | D:6      | Killed Duvessa
  5517 | D:6      | XOM: fog
  5536 | D:6      | XOM: cast spell 'Summon Hydra'
  5538 | D:6      | Killed Dowan
  5740 | D:6      | Noticed Blork the orc
  5744 | D:6      | XOM: potion effect (invisibility)
  5753 | D:6      | Killed Blork the orc
  5882 | D:6      | Found a glowing drain.
  5908 | Sewer    | Entered a sewer
  6117 | Sewer    | Found a white marble altar of Elyvilon.
  6234 | D:6      | XOM: potion effect (brilliance)
  6552 | D:6      | Found an ancient bone altar of Kikubaaqudgha.
  6554 | D:6      | Found a hazy altar of Hepliaklqana.
  6595 | D:6      | Found a white marble altar of Elyvilon.
  6597 | D:6      | Found a basalt altar of Yredelemnul.
  6942 | D:6      | XOM: silly message
  7354 | D:7      | XOM: potion effect (curing)
  7362 | D:7      | Reached skill level 5 in Dodging
  7366 | D:7      | Reached skill level 5 in Evocations
  7376 | D:7      | Reached skill level 5 in Shields
  7530 | D:7      | XOM: smoke on damage
  7666 | D:7      | Found a sacrificial altar of Ru.
  7708 | D:7      | XOM: divination: detect creatures
  7736 | D:7      | XOM: potion effect (might)
  7740 | D:7      | Reached skill level 8 in Maces & Flails
  7829 | D:7      | XOM: silly message
  7861 | D:7      | XOM: potion effect (curing)
  7877 | D:7      | Reached XP level 10. HP: 59/59 MP: 10/10
  8296 | D:7      | Identified the +0 pair of boots of the Camelopard {Will+}
  8468 | D:7      | XOM: enchant monster (good)
  8490 | D:7      | XOM: give mutations
  8490 | D:7      | Gained mutation: You are weak. (Str -2) [Xom's mischief]
  8490 | D:7      | Gained mutation: You are vulnerable to cold. (rC-) [Xom's
                  | mischief]
  9282 | D:8      | XOM: silly message
  9397 | D:8      | XOM: potion effect (haste)
  9908 | D:8      | XOM: noise
 10096 | D:9      | XOM: divination: detect items
 10113 | D:8      | XOM: silly message
 10380 | D:9      | XOM: chaos upgrade
 10421 | D:8      | XOM: cleaving
 10620 | D:9      | XOM: enchant monster (bad)
 10626 | D:9      | XOM: noise
 10645 | D:9      | XOM: confusion
 10654 | D:8      | HP: 3/61 [wight/+0 short sword (4)]
 10655 | D:8      | XOM: blink monster(s)
 10661 | D:8      | XOM: noise
 10662 | D:8      | XOM: confusion
 10938 | D:9      | XOM: confuse monster(s)
 10941 | D:9      | XOM: 2-stop teleportation journey
 10972 | D:9      | XOM: cast spell 'Discord'
 10974 | D:9      | Reached skill level 9 in Maces & Flails
 10989 | D:9      | XOM: noise
 10995 | D:9      | XOM: enchant monster (bad)
 11094 | D:9      | XOM: cast spell 'Summon Mana Viper'
 11106 | D:9      | XOM: 2-stop teleportation journey
 11212 | D:9      | XOM: give mutations
 11212 | D:9      | Gained mutation: Your spells are a little easier to cast,
                  | but a little less powerful. [Xom's mischief]
 11212 | D:9      | Lost mutation: You are vulnerable to cold. (rC-) [Xom's
                  | mischief]
 11212 | D:9      | Gained mutation: You are dopey. (Int -2) [Xom's mischief]
 11364 | D:10     | Entered Level 10 of the Dungeon
 11364 | D:10     | Noticed Fannar
 11372 | D:9      | Lost mutation: You are dopey. (Int -2) [potion of mutation]
 11372 | D:9      | Lost mutation: You are very clumsy. (Dex -4) [potion of
                  | mutation]
 11372 | D:9      | Gained mutation: You are partially covered in iridescent
                  | scales. (AC +2) [potion of mutation]
 11372 | D:9      | Gained mutation: You possess an exceptional clarity of
                  | mind. [potion of mutation]
 11372 | D:9      | Lost mutation: Your spells are a little easier to cast, but
                  | a little less powerful. [potion of mutation]
 11372 | D:9      | Gained mutation: You expend magic power (3 MP) to
                  | strengthen your wands. [potion of mutation]
 11406 | D:9      | XOM: butterfly on damage
 11409 | D:9      | Killed Fannar
 11410 | D:9      | Reached XP level 11. HP: 13/68 MP: 4/11
 11683 | D:10     | Noticed a two-headed ogre
 11688 | D:10     | Killed a two-headed ogre
 11864 | D:10     | XOM: summons 1 hostile demon
 11870 | D:10     | XOM: chaos cloud
 11991 | D:10     | XOM: enchant monster (good)
 12207 | D:10     | XOM: summons friendly quasit
 12217 | D:10     | XOM: scenery: 3 doors close
 12218 | D:10     | Reached skill level 10 in Maces & Flails
 12470 | D:10     | Found Sovowoi's Gadget Gallery.
 12503 | D:10     | XOM: summons friendly shadow imp
 12512 | D:10     | XOM: swap monsters
 12608 | D:10     | XOM: polymorph shadow imp -> white imp
 12755 | D:6      | XOM: give mutations
 12755 | D:6      | Gained mutation: You occasionally shout uncontrollably at
                  | your foes. [Xom's mischief]
 12755 | D:6      | Gained mutation: You frequently scream uncontrollably at
                  | your foes. [Xom's mischief]
 12755 | D:6      | Lost mutation: You occasionally lose the ability to read
                  | scrolls when taking damage. [Xom's mischief]
 12851 | D:1      | Bought an amulet of regeneration for 300 gold pieces
 13512 | D:11     | XOM: confuse monster(s)
 13535 | D:11     | XOM: potion effect (might)
 13535 | D:11     | XOM: smoke on damage
 13574 | D:11     | XOM: confuse monster(s)
 13599 | D:11     | Noticed a boulder beetle
 13609 | D:11     | XOM: smoke on damage
 13610 | D:11     | XOM: potion effect (brilliance)
 13635 | D:11     | Killed a boulder beetle
 13682 | D:11     | You fall into a shaft and drop 2 floors!
 13706 | D:13     | XOM: divination: detect items
 13734 | D:13     | Noticed a death knight
 13735 | D:13     | Noticed a phantasmal warrior
 13744 | D:13     | XOM: silly message
 13748 | D:13     | XOM: potion effect (might)
 13752 | D:13     | HP: 5/106 [mirror damage (2)]
 13754 | D:13     | Killed a death knight
 13765 | D:13     | HP: 3/106 [wraith[a death knight] (7)]
 13768 | D:13     | Mangled by a phantasmal warrior

Illustrated notes

Levels and vault maps discovered:
D:1:      psy_arrival_statuary, layout_basic, serial_shops, shop
D:2:      layout_loops_corners
D:3:      layout_loops_corners, serial_shops, shop_fountains,
          kennysheep_generic_room_14
D:4:      layout_layer_cave, nicolae_qazlal_eye_of_the_storm, uniq_pikel,
          uniq_edmund
D:5:      layout_layer_cave, minmay_temple_entry_stoned_glass
D:6:      layout_layer_cave, nicolae_overflow_hidden_temple,
          overflow_temple_1_default, cheibrodos_sewer_entry_bend,
          uniq_blork_the_orc, uniq_duvessa
D:7:      layout_basic, kennysheep_little_box, minmay_misc_feat_plants,
          kennysheep_generic_room_9
D:8:      layout_layer_cave
D:9:      layout_big_octagon
D:10:     layout_irregular_city, nicolae_shop_gadgets, uniq_fannar
D:11:     layout_roguey, erik_lair_island, portal_ice_cave_demonic_guard,
          serial_shops, nicolae_shop_waterfront
D:13:     layout_roguey, david_vaults_1, nicolae_trove_entry_columns,
          minmay_quadrilaterals

Skill      XL: |  1  2  3  4  5  6  7  8  9 10 11 |
---------------+----------------------------------+-----
Armour         | 3 4 5 6 |  6.1
Fighting       | 4 5 7 9 |  9.5
Maces & Flails | 4 5 6 8 9 10 | 10.8
Dodging        | 1 3 4 5 |  5.2
Evocations     | 2 3 5 |  5.8
Shields        | 3 5 7 9 |  9.0

Action                   |  1- 3 |  4- 6 |  7- 9 | 10-12 || total
-------------------------+-------+-------+-------+-------++-------
Melee: Mace              |   104 |    45 |   169 |     5 ||   323
       Punch             |     2 |     1 |       |       ||     3
       Dire flail        |       |     6 |    20 |       ||    26
       Whip              |       |       |   142 |   162 ||   304
       Flail             |       |       |    43 |   306 ||   349
Evoke: Piece from Xom's  |       |     3 |    13 |    10 ||    26
       Wand              |       |       |     3 |     5 ||     8
       Condenser vane    |       |       |       |     1 ||     1
  Use: Scroll            |     4 |     1 |     6 |     8 ||    19
       Potion            |       |     2 |     7 |    16 ||    25
 Stab: Paralysed         |     1 |       |     6 |       ||     7
       Confused          |       |     3 |       |     4 ||     7
       Petrified         |       |       |     9 |    12 ||    21
       Petrifying        |       |       |     1 |       ||     1
Armor: Leather armour    |    50 |     7 |    89 |       ||   146
       Acid dragon scale |       |       |    46 |   147 ||   193
       Chain mail        |       |       |    35 |       ||    35
       Skin              |       |       |       |    36 ||    36
       Troll leather arm |       |       |       |    46 ||    46
Dodge: Dodged            |    70 |    25 |   172 |   227 ||   494
Block: Buckler           |       |       |    49 |   104 ||   153

Table legend: (Time is in decaauts)
 A = Elapsed time spent in this place.
 B = Non-inter-level travel time spent in this place.
 C = Inter-level travel time spent in this place.
 D = Time resting spent in this place.
 E = Time spent auto-exploring this place.
 F = Levels seen in this place.
 G = Mean time per level.
                   A        B        C        D        E       F      G
               +--------+--------+--------+--------+--------+-----+--------+
         Total |  13771 |  12743 |   1028 |   1796 |   8649 |  13 | 1059.3 |
       Dungeon |  13493 |  12465 |   1028 |   1796 |   8441 |  12 | 1124.4 |
         Sewer |    278 |    278 |      0 |      0 |    208 |   1 |  278.0 |
               +--------+--------+--------+--------+--------+-----+--------+

Top non-repeatable levels by time:
     D:8: 2032 daAuts
     D:4: 1780 daAuts
     D:7: 1680 daAuts
     D:6: 1542 daAuts
    D:10: 1335 daAuts
     D:5: 1196 daAuts
     D:9: 961 daAuts
     D:3: 960 daAuts
     D:1: 934 daAuts
     D:2: 808 daAuts
   Sewer: 278 daAuts
    D:11: 182 daAuts
    D:13: 77 daAuts
